 Dungeon Crawl Stone Soup version 0.23-a0-489-g205b0b6 (webtiles) character file.

5212 MisterFreud the Grappler (level 10, -3/96 HPs)
             Began as a Troll Hunter on Dec 2, 2018.
             Was a Follower of Ru.
             Slain by a wolf (10 damage)
             ... led by Grum
             ... on level 9 of the Dungeon.
             The game lasted 00:14:08 (6533 turns).

MisterFreud the Grappler (Troll Hunter)             Turns: 6533, Time: 00:14:09

Health: -3/96      AC:  7    Str: 25    XL:     10   Next: 35%
Magic:  0/11       EV: 13    Int:  7    God:    Ru [*.....]
Gold:   430        SH:  0    Dex: 10    Spells: 9/9 levels left

rFire    . . .     SeeInvis .     - Unarmed
rCold    . . .     Gourm    +   (no shield)
rNeg     . . .     Faith    .   F - +0 troll leather armour
rPois    .         Spirit   .   (helmet restricted)
rElec    .         Reflect  .   (no cloak)
rCorr    .         Harm     .   (gloves unavailable)
MR       .....                  (boots unavailable)
Stlth    +.........             (no amulet)
HPRegen  1.06/turn              e - +1 ring of evasion
MPRegen  0.12/turn              (no ring)

@: about to teleport
A: large, unfitting armour, claws 3, fast metabolism 3, gourmand, regeneration
1, shaggy fur 1, tough skin 2, hated by all
a: Renounce Religion


You were on level 9 of the Dungeon.
You worshipped Ru.
Ru was aware of your devotion.
You were very full.

You visited 1 branch of the dungeon, and saw 9 of its levels.

You collected 430 gold pieces.

Inventory:

Missiles
 c - 5 large rocks (quivered)
 d - 3 throwing nets
 m - 265 stones
 n - 79 poisoned needles
 q - 2 needles of sleeping
 z - 8 needles of frenzy
 B - 9 tomahawks
Armour
 F - a +0 troll leather armour (worn)
Jewellery
 e - a +1 ring of evasion (left claw)
Wands
 b - a wand of acid (6)
 k - a wand of random effects (23)
 G - a wand of flame (24)
Scrolls
 a - 2 scrolls of noise {unknown}
 g - a scroll of fog {unknown}
 h - 4 scrolls of teleportation
 l - a scroll of enchant armour
 p - 6 scrolls of remove curse
 s - a scroll of amnesia {unknown}
 w - 2 scrolls of immolation {unknown}
 y - 2 scrolls of magic mapping {unknown}
 A - 3 scrolls of enchant weapon {unknown}
 C - a scroll of vulnerability {unknown}
 E - a scroll of identify
Potions
 i - 2 potions of might
 j - a potion of curing
 o - 4 potions of heal wounds
 r - 3 potions of haste
 t - 2 potions of invisibility
 u - a potion of lignification
 v - 2 potions of flight
 x - 3 potions of agility
 D - 2 potions of brilliance {unknown}
Comestibles
 f - 14 rations


   Skills:
 + Level 5.3 Fighting
 - Level 6.0 Throwing
 + Level 7.0 Dodging
 - Level 0.3 Stealth
 + Level 9.3 Unarmed Combat
 + Level 3.0 Evocations


You had 9 spell levels left.
You didn't know any spells.
Your spell library contained the following spells:

 Spells                   Type           Power        Failure   Level  Hunger
 Sandblast                Erth           #.....       47%         1    ##.....
 Passwall                 Tmut/Erth      #.......     63%         2    ###....
 Stone Arrow              Conj/Erth      #.....       85%         3    ####...
 Petrify                  Tmut/Erth      #.......     99%         4    #####..
 Lee's Rapid Deconstruct  Erth           #.........   100%        5    ######.


Dungeon Overview and Level Annotations

Branches:
Dungeon (9/15)             Temple (0/1) D:6
   Lair: D:8-11         Orc: D:9-12

Altars:
Cheibriados
Hepliaklqana
Kikubaaqudgha
Nemelex Xobeh
Ru
Sif Muna
Trog
Vehumet
Zin

Shops:
D:5 %

Annotations:
D:3 1 runed door, Erlindor's ghost, amateur GrAK
D:9 Grum


Innate Abilities, Weirdness & Mutations

You are too large for most types of armour.
You have claws for hands.
Your metabolism is lightning-fast.
You like to eat raw meat.
Your natural rate of healing is unusually fast.
You are covered in fur. (AC +1)
You have very tough skin. (AC +2)
You are hated by all.


Message History

You feel your power leaking away. Something hits you. Something shocks you.
* * * LOW HITPOINT WARNING * * *
The wolf bites you!
* * * LOW HITPOINT WARNING * * *
Grum shouts, "Spike!
Good boy!"
Grum hits you from afar with a -2 spear!
* * * LOW HITPOINT WARNING * * *
The eye of draining gazes at you.
There is an open door, spattered with blood here.
Okay, then.
Okay, then.
The wolf bites you.
* * * LOW HITPOINT WARNING * * *
As you read the scroll of teleportation, it crumbles to dust.
You feel strangely unstable. The wolf bites you but does no damage.
The wolf bites you.
* * * LOW HITPOINT WARNING * * *
The wolf bites you!
You die...

.........# '### .........#.....
.........#... .(.......'.
..[....≈.# .........#
.........#########......
######'###....##..#......#
+...#....#.G..#@..#......#
#...#....#....#h..#......#
#..<#....#...g#...#...>..#
#...'....#....#...#......#
#...#....+....'g..#......######
##..######....#####......#....##
.##..##...................#.....#
......'...................#.....#
......#...................#)....#


You could see Grum and a wolf.

Vanquished Creatures
  A two-headed ogre (D:9)
  Pikel (D:5)
  2 trolls (D:9)
  A hippogriff (D:9)
  Eustachio (D:5)
  Menkaure (D:7)
  An orc warrior (D:7)
  3 slaves (D:5)
  A black bear (D:9)
  3 sky beasts
  4 ogres
  A phantom (D:4)
  3 wolves (D:9)
  A centaur (D:9)
  A crocodile (D:8)
  2 big kobolds
  Blork the orc (D:5)
  5 bullfrogs
  A scorpion (D:4)
  3 howler monkeys (D:7)
  6 crimson imps
  2 jellies
  3 hounds
  3 bullfrog skeletons
  5 orc priests
  A centaur skeleton (D:3)
  Jessica (D:3)
  7 orc wizards
  5 iguanas
  Ijyb (D:5)
  4 worker ants
  A hound zombie (D:7)
  A howler monkey zombie (D:5)
  A worker ant zombie (D:6)
  A howler monkey skeleton (D:6)
  6 adders
  2 shadow imps
  An ooze (D:7)
  2 adder skeletons (D:8)
  2 worms
  A dart slug (D:1)
  4 leopard geckos
  29 orcs
  3 ball pythons
  6 giant cockroaches
  5 goblins
  7 hobgoblins
  6 jackals
  4 quokkas
  4 bats
  3 frilled lizards
  A jackal skeleton (D:5)
  A jackal zombie (D:5)
  16 kobolds
  3 leopard gecko skeletons
  7 rats
192 creatures vanquished.

Vanquished Creatures (others)
  An orc priest (D:8)
  A withered plant (D:3)
2 creatures vanquished.

Grand Total: 194 creatures vanquished

Notes
Turn   | Place    | Note
-------+----------+-------------------------------------------
     0 | D:1      | MisterFreud the Troll Hunter began the quest for the Orb.
     0 | D:1      | Reached XP level 1. HP: 19/19 MP: 0/0
   113 | D:1      | Reached skill level 1 in Unarmed Combat
   275 | D:1      | Reached XP level 2. HP: 27/27 MP: 1/1
   797 | D:1      | Reached skill level 2 in Unarmed Combat
  1016 | D:1      | You fall through a shaft!
  1328 | D:2      | Reached XP level 3. HP: 29/33 MP: 2/2
  1566 | D:2      | Reached skill level 3 in Unarmed Combat
  1713 | D:3      | Noticed Jessica
  1719 | D:3      | Killed Jessica
  1719 | D:3      | Reached XP level 4. HP: 30/41 MP: 3/3
  1770 | D:3      | Reached skill level 4 in Unarmed Combat
  2028 | D:3      | Reached XP level 5. HP: 48/48 MP: 4/4
  2158 | D:3      | Found a runed door.
  2159 | D:3      | Noticed Erlindor's ghost (amateur GrAK)
  2470 | D:4      | Noticed a phantom
  2492 | D:3      | Reached skill level 5 in Unarmed Combat
  2574 | D:4      | Killed a phantom
  2594 | D:4      | Reached skill level 6 in Unarmed Combat
  2594 | D:4      | Reached XP level 6. HP: 47/55 MP: 5/5
  2793 | D:4      | Found a sacrificial altar of Ru.
  2805 | D:4      | Became a worshipper of Ru the Awakened
  2957 | D:4      | You fall through a shaft for 2 floors!
  3004 | D:5      | Entered Level 5 of the Dungeon
  3007 | D:5      | Noticed a sky beast
  3041 | D:5      | Killed a sky beast
  3041 | D:5      | Reached skill level 7 in Unarmed Combat
  3078 | D:5      | Reached XP level 7. HP: 38/62 MP: 6/6
  3134 | D:5      | Found Uricerphi's Food Emporium.
  3191 | D:4      | Found a bloodstained altar of Trog.
  3331 | D:5      | Noticed Eustachio
  3347 | D:5      | Killed Eustachio
  3347 | D:5      | Reached skill level 8 in Unarmed Combat
  3486 | D:5      | Noticed Pikel
  3495 | D:5      | Killed Pikel
  3495 | D:5      | Reached XP level 8. HP: 34/75 MP: 7/7
  3542 | D:5      | Noticed Blork the orc
  3550 | D:5      | Killed Blork the orc
  3634 | D:5      | Gained mutation: You are hated by all. [Ru sacrifice]
  3634 | D:5      | Reached * piety under Ru
  3643 | D:5      | Noticed Ijyb
  3652 | D:5      | Killed Ijyb
  3788 | D:5      | Found a deep blue altar of Sif Muna.
  4006 | D:6      | Reached skill level 5 in Throwing
  4476 | D:6      | Found a staircase to the Ecumenical Temple.
  4494 | D:6      | Reached XP level 9. HP: 76/84 MP: 8/8
  4610 | D:7      | Noticed Menkaure
  4617 | D:7      | Killed Menkaure
  4617 | D:7      | Reached skill level 5 in Dodging
  4680 | D:7      | Found an ancient bone altar of Kikubaaqudgha.
  4846 | D:7      | Found a bloodstained altar of Trog.
  5224 | D:8      | Found the +0 sword of Power
  5262 | D:8      | Reached skill level 1 in Evocations
  5359 | D:8      | Found a glowing silver altar of Zin.
  5575 | D:8      | Found a snail-covered altar of Cheibriados.
  5618 | D:8      | Found a radiant altar of Vehumet.
  5619 | D:8      | Found a hazy altar of Hepliaklqana.
  5620 | D:8      | Found a sparkling altar of Nemelex Xobeh.
  5809 | D:9      | Noticed a troll
  5815 | D:9      | Killed a troll
  5894 | D:9      | Noticed a troll
  5902 | D:9      | Killed a troll
  6101 | D:9      | Reached XP level 10. HP: 90/94 MP: 10/10
  6193 | D:9      | Reached skill level 5 in Fighting
  6193 | D:9      | Reached skill level 9 in Unarmed Combat
  6459 | D:9      | Noticed a two-headed ogre
  6467 | D:9      | Killed a two-headed ogre
  6516 | D:9      | Noticed Grum
  6531 | D:9      | HP: 4/96 [wolf[Grum] (2)]
  6533 | D:9      | Slain by a wolf

Vault maps used:
D:1:      wheals_arrival_linesprint, minmay_tetromino_l2
D:3:      gammafunk_ghost_grave, uniq_jessica
D:4:      lemuel_doored_altar, lightli_temple_of_fire, hangedman_decor_opposing,
          minmay_crystal_room
D:5:      serial_shops, shop, first_ration, lemuel_blue_sif_altar, uniq_pikel,
          uniq_ijyb, uniq_blork_the_orc, uniq_eustachio
D:6:      temple_green
D:7:      kiku_gazebo_pond_becter, trog_butcher_becter, uniq_menkaure
D:8:      zin_statuary, lemuel_round_altar,
          chequers_temple_overflow_statue_of_worship
D:9:      uniq_grum, uniq_erolcha

Skill      XL: |  1  2  3  4  5  6  7  8  9 10 |
---------------+-------------------------------+-----
Unarmed Combat | 1 2 3 4 6 7 8 9 |  9.3
Fighting       | 3 4 5 |  5.3
Dodging        | 3 4 6 7 |  7.0
Throwing       | 4 5 6 |  6.0
Evocations     | 2 3 |  3.0
Stealth        | |  0.3

Action                   |  1- 3 |  4- 6 |  7- 9 | 10-12 || total
-------------------------+-------+-------+-------+-------++-------
Melee: Unarmed           |    96 |   139 |   357 |    38 ||   630
       Punch             |       |     3 |     6 |     2 ||    11
Throw: Stone             |       |       |     2 |       ||     2
       Large rock        |       |       |     2 |     1 ||     3
Invok: Sacrifice Love    |       |       |     1 |       ||     1
       Reject Sacrifices |       |       |     1 |       ||     1
  Use: Scroll            |     4 |     3 |     4 |     1 ||    12
 Stab: Sleeping          |     1 |     1 |       |       ||     2
  Eat: Chunk             |    15 |    19 |    26 |     4 ||    64
Armor: Robe              |    35 |    18 |    56 |       ||   109
       Troll leather arm |       |       |     3 |    14 ||    17
Dodge: Dodged            |    49 |    49 |   149 |    41 ||   288

Table legend:
 A = Non-vault XP
 B = Vault XP
 C = Vault XP percentage of total XP
 D = Non-vault monster count
 E = Vault monster count
 F = Vault count percentage of total count
                 A         B        C        D         E       F
            +---------+---------+-------+---------+---------+-------
      Total |    5667 |    1780 |  23.9 |     174 |      15 |   7.9
            +---------+---------+-------+---------+---------+-------
        D:1 |      23 |       3 |  11.5 |      14 |       2 |  12.5
        D:2 |      44 |       0 |   0.0 |      12 |       0 |   0.0
        D:3 |     148 |      37 |  20.0 |      17 |       1 |   5.6
        D:4 |     255 |       0 |   0.0 |       6 |       0 |   0.0
        D:5 |     569 |     977 |  63.2 |      33 |       4 |  10.8
        D:6 |     770 |       0 |   0.0 |      31 |       0 |   0.0
        D:7 |     831 |     421 |  33.6 |      19 |       5 |  20.8
        D:8 |     780 |       0 |   0.0 |      29 |       0 |   0.0
        D:9 |    2247 |     342 |  13.2 |      13 |       3 |  18.8
            +---------+---------+-------+---------+---------+-------
